 Dungeon Crawl Stone Soup version 0.22.0 (webtiles) character file.

324 Blackhawk the Shield-Bearer (level 6, -10/53 HPs)
             Began as a Gnoll Fighter on Oct 21, 2018.
             Mangled by Duvessa
             ... wielding a +0 short sword
              (12 damage)
             ... on level 4 of the Dungeon.
             The game lasted 00:03:48 (1820 turns).

Blackhawk the Shield-Bearer (Gnoll Fighter)         Turns: 1820, Time: 00:03:49

Health: -10/53     AC: 14    Str: 20    XL:     6   Next: 48%
Magic:  9/9        EV:  5    Int: 11    God:
Gold:   159        SH: 11    Dex: 14    Spells: 9/9 levels left

rFire    . . .     SeeInvis .   a - +0 war axe
rCold    . . .     Gourm    .   c - +0 shield
rNeg     . . .     Faith    .   r - +0 plate armour
rPois    .         Spirit   .   h - +0 helmet
rElec    .         Reflect  .   (no cloak)
rCorr    .         Harm     .   (no gloves)
MR       .....                  (no boots)
Stlth    ..........             (no amulet)
HPRegen  0.17/turn              (no ring)
MPRegen  0.11/turn              (no ring)

@: no status effects
A: distributed training, fangs 1, strong nose
a: no special abilities


You were on level 4 of the Dungeon.
You were not hungry.

You visited 1 branch of the dungeon, and saw 4 of its levels.

You collected 159 gold pieces.

Inventory:

Hand Weapons
 a - a +0 war axe (weapon)
 j - a +0 hunting sling
Missiles
 m - 7 javelins (quivered)
 n - 71 stones
Armour
 b - a +0 scale mail
 c - a +0 shield (worn)
 h - a +0 helmet (worn)
 r - a +0 plate armour (worn)
Jewellery
 k - an uncursed ring of fire {unknown}
 p - an uncursed ring of protection from cold {unknown}
 u - a +3 ring of intelligence {unknown}
Wands
 v - a wand of disintegration (6)
Scrolls
 e - 2 scrolls of identify {unknown}
 g - a scroll of amnesia {unknown}
 l - a scroll of random uselessness {unknown}
 o - a scroll of enchant weapon {unknown}
 s - 3 scrolls of remove curse {unknown}
 t - a scroll of immolation {unknown}
Potions
 d - a potion of might
 i - 2 potions of curing {unknown}
 q - a potion of heal wounds {unknown}
 w - a potion of mutation {unknown}
Comestibles
 f - 5 rations


   Skills:
 + Level 6.8 Fighting
 + Level 2.0 Short Blades
 + Level 2.0 Long Blades
 + Level 5.0 Axes
 + Level 2.0 Maces & Flails
 + Level 2.0 Polearms
 + Level 2.0 Staves
 + Level 2.0 Slings
 + Level 2.0 Bows
 + Level 2.0 Crossbows
 + Level 2.0 Throwing
 + Level 6.8 Armour
 + Level 2.0 Dodging
 + Level 2.0 Stealth
 + Level 6.8 Shields
 + Level 2.0 Unarmed Combat
 + Level 2.0 Spellcasting
 + Level 1.5 Conjurations
 + Level 1.5 Hexes
 + Level 1.5 Charms
 + Level 1.5 Summonings
 + Level 1.5 Necromancy
 + Level 1.5 Translocations
 + Level 1.5 Transmutations
 + Level 1.5 Fire Magic
 + Level 1.5 Ice Magic
 + Level 1.5 Air Magic
 + Level 1.5 Earth Magic
 + Level 1.5 Poison Magic
 + Level 2.1 Invocations
 + Level 2.0 Evocations


You had 9 spell levels left.
You didn't know any spells.
Your spell library was empty.

Dungeon Overview and Level Annotations

Branches:
Dungeon (4/15)
 Temple: D:4-7

Altars:
Ashenzari

Annotations:
D:4 Dowan, Duvessa


Innate Abilities, Weirdness & Mutations

Your experience applies equally to all skills.
You have very sharp teeth.
Your uncanny sense of smell can sniff out nearby items.


Message History

Duvessa hits you but does no damage.
You barely miss Duvessa. You bite Duvessa, but do no damage.
Duvessa is moderately wounded.
Your shield and plate armour prevent you from hitting Dowan.
You block Duvessa's attack. Duvessa hits you with a short sword!
* * * LOW HITPOINT WARNING * * *
Dowan gestures wildly while chanting.
Dowan blinks!
You hit Duvessa but do no damage.
Duvessa is moderately wounded.
You hit Dowan. Duvessa hits you but does no damage.
Dowan mumbles some strange words.
Dowan blinks!
Duvessa hits you with a short sword.
* * * LOW HITPOINT WARNING * * *
Your plate armour prevents you from hitting Duvessa.
Duvessa is moderately wounded.
Duvessa hits you with a short sword.
* * * LOW HITPOINT WARNING * * *
Duvessa hits you with a short sword!
You die...

# #..........# ##
#.........## .##
#.........# ..#
#.........##
#.###......>...#
#..###.........#
##.###.........##
....###.....e...####
..#..#.......##.@el#####
...#........######.....###
...#......### ##...#....
...#.#...## ###.....####
........## ##........##
.......## ##..........#
...#...# ##............#
###...## #.............#
.. #..............#


You could see Duvessa (berserk), Dowan and a frilled lizard.

Vanquished Creatures
  Sigmund (D:3)
  Natasha (twice) (D:2)
  6 adders
  3 worms (D:2)
  A leopard gecko (D:2)
  An orc (D:3)
  4 giant cockroaches
  6 hobgoblins
  2 jackals (D:1)
  6 kobolds
  A quokka (D:3)
  A ball python (D:3)
  4 bats
  2 frilled lizards
  3 goblins (D:1)
  A quokka skeleton (D:4)
  3 rats
47 creatures vanquished.

Notes
Turn   | Place    | Note
-------+----------+-------------------------------------------
     0 | D:1      | Blackhawk the Gnoll Fighter began the quest for the Orb.
     0 | D:1      | Reached XP level 1. HP: 23/23 MP: 1/1
   167 | D:1      | Reached XP level 2. HP: 29/29 MP: 2/2
   548 | D:2      | Reached XP level 3. HP: 27/35 MP: 3/3
   752 | D:2      | Noticed Natasha
   757 | D:2      | Killed Natasha
   757 | D:2      | Reached skill level 1 in Short Blades
   757 | D:2      | Reached skill level 1 in Long Blades
   757 | D:2      | Reached skill level 1 in Maces & Flails
   757 | D:2      | Reached skill level 1 in Polearms
   757 | D:2      | Reached skill level 1 in Staves
   757 | D:2      | Reached skill level 1 in Slings
   757 | D:2      | Reached skill level 1 in Bows
   757 | D:2      | Reached skill level 1 in Crossbows
   757 | D:2      | Reached skill level 1 in Throwing
   757 | D:2      | Reached skill level 1 in Dodging
   757 | D:2      | Reached skill level 1 in Stealth
   757 | D:2      | Reached skill level 1 in Unarmed Combat
   757 | D:2      | Reached skill level 1 in Spellcasting
   757 | D:2      | Reached skill level 1 in Invocations
   757 | D:2      | Reached skill level 1 in Evocations
   757 | D:2      | Reached XP level 4. HP: 41/41 MP: 5/5
   761 | D:2      | Noticed Natasha
   770 | D:2      | Killed Natasha
   811 | D:2      | Reached skill level 1 in Conjurations
   811 | D:2      | Reached skill level 1 in Hexes
   811 | D:2      | Reached skill level 1 in Charms
   811 | D:2      | Reached skill level 1 in Summonings
   811 | D:2      | Reached skill level 1 in Necromancy
   811 | D:2      | Reached skill level 1 in Translocations
   811 | D:2      | Reached skill level 1 in Transmutations
   811 | D:2      | Reached skill level 1 in Fire Magic
   811 | D:2      | Reached skill level 1 in Ice Magic
   811 | D:2      | Reached skill level 1 in Air Magic
   811 | D:2      | Reached skill level 1 in Earth Magic
   811 | D:2      | Reached skill level 1 in Poison Magic
  1096 | D:3      | Found a shattered altar of Ashenzari.
  1112 | D:3      | Reached XP level 5. HP: 45/47 MP: 6/6
  1199 | D:3      | Noticed Sigmund
  1256 | D:3      | Killed Sigmund
  1256 | D:3      | Reached XP level 6. HP: 38/53 MP: 8/8
  1421 | D:3      | Reached skill level 5 in Axes
  1799 | D:4      | Noticed Duvessa
  1802 | D:4      | Noticed Dowan
  1820 | D:4      | HP: 2/53 [Duvessa/short sword (6)]
  1820 | D:4      | Mangled by Duvessa

Skill      XL: |  1  2  3  4  5  6 |
---------------+-------------------+-----
Short Blades   | 1 2 |  2.0
Long Blades    | 1 2 |  2.0
Maces & Flails | 1 2 |  2.0
Polearms       | 1 2 |  2.0
Staves         | 1 2 |  2.0
Slings         | 1 2 |  2.0
Bows           | 1 2 |  2.0
Crossbows      | 1 2 |  2.0
Throwing       | 1 2 |  2.0
Dodging        | 1 2 |  2.0
Stealth        | 1 2 |  2.0
Unarmed Combat | 1 2 |  2.0
Spellcasting   | 1 2 |  2.0
Invocations    | 1 2 |  2.1
Evocations     | 1 2 |  2.0
Conjurations   | 1 |  1.5
Hexes          | 1 |  1.5
Charms         | 1 |  1.5
Summonings     | 1 |  1.5
Necromancy     | 1 |  1.5
Translocations | 1 |  1.5
Transmutations | 1 |  1.5
Fire Magic     | 1 |  1.5
Ice Magic      | 1 |  1.5
Air Magic      | 1 |  1.5
Earth Magic    | 1 |  1.5
Poison Magic   | 1 |  1.5
Axes           | 5 |  5.0
Fighting       | |  6.8
Armour         | |  6.8
Shields        | |  6.8

Action                   |  1- 3 |  4- 6 || total
-------------------------+-------+-------++-------
Melee: War axe           |    60 |    70 ||   130
       Bite              |     7 |     6 ||    13
  Eat: Chunk             |       |     3 ||     3
Armor: Scale mail        |    13 |       ||    13
       Plate armour      |     8 |    30 ||    38
Dodge: Dodged            |    14 |    13 ||    27
Block: Shield            |    42 |    34 ||    76
